 Dungeon Crawl Stone Soup version 0.24-a0-417-g1cce26a (webtiles) character file.

Game seed: 8916303664449846945

224 Deathlysoul the Digger (level 6, 0/36 HPs)
             Began as a Gargoyle Earth Elementalist on June 10, 2019.
             Was an Initiate of Okawaru.
             Killed from afar by an orc wizard (2 damage)
             ... with a magic dart
             ... on level 3 of the Dungeon.
             The game lasted 00:07:49 (4191 turns).

Deathlysoul the Digger (GrEE)                       Turns: 4191, Time: 00:07:50

Health: 0/36       AC:  7    Str: 11    XL:     6   Next: 0%
Magic:  2/10       EV: 12    Int: 18    God:    Okawaru [......]
Gold:   123        SH:  0    Dex: 10    Spells: 10/11 levels left

rFire    . . .     SeeInvis .   p - +0 flail
rCold    . . .     Gourm    .   (no shield)
rNeg     + . .     Faith    .   c - +0 robe
rPois    ∞         Spirit   .   (no helmet)
rElec    +         Reflect  .   h - scarf {cloud immunity}
rCorr    .         Harm     .   o - +0 pair of gloves
MR       .....                  (no boots)
Stlth    ++........             (no amulet)
HPRegen  0.12/turn              (no ring)
MPRegen  0.12/turn              (no ring)

@: very slightly contaminated
A: negative energy resistance 1, electricity resistance, unbreathing,
petrification resistance, rot immunity, AC +4
a: Renounce Religion


You were on level 3 of the Dungeon.
You worshipped Okawaru.
Okawaru was noncommittal.
You were not hungry.

You visited 1 branch of the dungeon, and saw 3 of its levels.

You collected 123 gold pieces.

Inventory:

Hand Weapons
 p - a +0 flail (weapon)
Missiles
 b - 57 stones (quivered)
Armour
 c - a +0 robe (worn)
 h - a scarf of cloud immunity (worn)
 j - a +0 shield
 o - a +0 pair of gloves (worn)
Jewellery
 l - an uncursed ring of magical power {unknown}
Wands
 n - a wand of flame (41)
Scrolls
 a - 3 scrolls of remove curse {unknown}
 g - 6 scrolls of identify {unknown}
 i - 2 scrolls of teleportation {unknown}
 m - a scroll of fog {unknown}
Potions
 e - a potion of heal wounds {unknown}
 f - a potion of flight {unknown}
 k - 2 potions of resistance {unknown}
Comestibles
 d - 6 rations
 q - 7 chunks of flesh


   Skills:
 * Level 2.8 Fighting
 - Level 2.4 Dodging
 + Level 3.1 Stealth
 * Level 3.2 Spellcasting
   Level 0.7 Transmutations
 * Level 4.8 Earth Magic


You had 10 spell levels left.
You knew the following spells:

 Your Spells              Type           Power        Failure   Level  Hunger
a - Sandblast             Erth           ###...       2%          1    None

Your spell library contained the following spells:

 Spells                   Type           Power        Failure   Level  Hunger
 Passwall                 Tmut/Erth      ##......     8%          2    ##.....
 Stone Arrow              Conj/Erth      ##....       19%         3    ###....
 Petrify                  Tmut/Erth      ##......     45%         4    ####...
 Lee's Rapid Deconstruct  Erth           ###.......   52%         5    ######.


Dungeon Overview and Level Annotations

Branches:
Dungeon (3/15)

Altars:
Okawaru
Qazlal

Annotations:
D:2 1 runed translucent door, Crazy Yiuf


Innate Abilities, Weirdness & Mutations

You are resistant to torment.
Your stone body is resilient. (AC +4)
You are immune to poison.
You resist negative energy. (rN+)
You are resistant to electric shocks. (rElec)
You can survive without breathing.
You are immune to petrification.
You are immune to rotting.


Message History

The orc wizard hits you but does no damage.
You barely miss the orc priest.
The orc priest is severely wounded.
The orc wizard barely misses you. The orc priest closely misses you.
The orc wizard hits you but does no damage.
You closely miss the orc priest.
The orc priest is severely wounded.
The orc wizard barely misses you.
The orc priest invokes the aid of Beogh against you.
Beogh smites you!
* * * LOW HITPOINT WARNING * * *
The orc wizard closely misses you.
You closely miss the orc priest.
The orc priest is severely wounded.
The orc wizard hits you but does no damage.
The orc priest completely misses you. The orc wizard closely misses you.
You closely miss something. The orc wizard misses you.
The orc wizard points at you and mumbles some strange words.
The magic dart hits you.
You die...

<# ##... . # #.# .
.... # .. ###.####..
... .#... .#........
..###..... .........#
......... .....###
###....# ##....####
#....# .........##
##.##)# .##...##..###
#o@# ...
####..###...###o##
#..# #....###..##.#
..# ##.#.# ##....###
#.#(# #...###.......#
.#.# #
##......#####÷###.#.#
#######..##.#
#÷..###.#
.........##.##
###..##.#
####.###.##..#
##..#.#


You could see an orc priest and an orc wizard.

Vanquished Creatures
  Jessica (D:2)
  Robin (D:2)
  8 adders
  An ooze (D:2)
  3 worms (D:3)
  4 dart slugs
  A leopard gecko (D:2)
  6 orcs (D:3)
  5 ball pythons
  2 bats
  4 giant cockroaches
  17 goblins
  12 hobgoblins
  2 jackals (D:2)
  7 frilled lizards
  6 kobolds
  5 rats
85 creatures vanquished.

Notes
Turn   | Place    | Note
-------+----------+-------------------------------------------
     0 | D:1      | Deathlysoul the Gargoyle Earth Elementalist began the quest
                  | for the Orb.
     0 | D:1      | Reached XP level 1. HP: 10/10 MP: 3/3
   371 | D:1      | Reached XP level 2. HP: 16/16 MP: 5/5
  1249 | D:1      | Reached skill level 1 in Fighting
  1345 | D:1      | Reached XP level 3. HP: 19/20 MP: 3/6
  1526 | D:1      | Reached skill level 4 in Earth Magic
  1732 | D:2      | Noticed Robin
  1943 | D:2      | Found a stormy altar of Qazlal.
  2122 | D:2      | Killed Robin
  2122 | D:2      | Reached XP level 4. HP: 25/26 MP: 0/7
  2217 | D:2      | Found a runed translucent door.
  2218 | D:2      | Noticed Crazy Yiuf
  2652 | D:2      | Reached XP level 5. HP: 12/30 MP: 3/9
  2787 | D:2      | Noticed Jessica
  2948 | D:2      | Killed Jessica
  3108 | D:2      | Found an iron altar of Okawaru.
  3142 | D:2      | Became a worshipper of Warmaster Okawaru
  4171 | D:3      | Reached XP level 6. HP: 32/36 MP: 5/10
  4191 | D:3      | Killed from afar by an orc wizard

Levels and vault maps discovered:
D:1:      sevenhm_arrival_forest_fort_large_1, layout_basic
D:2:      layout_loops_corners, nicolae_overflow_crystal_walls, first_ration,
          grunt_ministairs_1, okawaru_metal_pillars_1_2, uniq_jessica,
          uniq_robin, uniq_crazy_yiuf_cottage
D:3:      layout_rooms

Skill      XL: |  1  2  3  4  5 |
---------------+----------------+-----
Fighting       | 1 2 |  2.8
Earth Magic    | 4 |  4.8
Dodging        | 2 |  2.4
Spellcasting   | 3 |  3.2
Stealth        | 3 |  3.1
Transmutations | |  0.7

Action                   |  1- 3 |  4- 6 || total
-------------------------+-------+-------++-------
Melee: Club              |    91 |     4 ||    95
       Unarmed           |     6 |       ||     6
       Whip              |       |   147 ||   147
       Flail             |       |    59 ||    59
 Cast: Sandblast         |    29 |    52 ||    81
 Stab: Sleeping          |     4 |     1 ||     5
  Eat: Chunk             |     4 |     7 ||    11
Armor: Robe              |    35 |    99 ||   134
Dodge: Dodged            |    81 |   165 ||   246

Table legend:
 A = Non-vault XP
 B = Vault XP
 C = Vault XP percentage of total XP
 D = Non-vault monster count
 E = Vault monster count
 F = Vault count percentage of total count
                 A         B        C        D         E       F
            +---------+---------+-------+---------+---------+-------
      Total |     223 |      97 |  30.3 |      66 |      19 |  22.4
            +---------+---------+-------+---------+---------+-------
        D:1 |      34 |       6 |  15.0 |      18 |       4 |  18.2
        D:2 |     124 |      91 |  42.3 |      28 |      15 |  34.9
        D:3 |      65 |       0 |   0.0 |      20 |       0 |   0.0
            +---------+---------+-------+---------+---------+-------
